 Dungeon Crawl Stone Soup version 0.21-a0-140-g479285b (webtiles) character file.

82 tehllama the Digger (level 4, -2/36 HPs)
             Began as a Gargoyle Earth Elementalist on July 21, 2017.
             Slain by a white imp (3 damage)
             ... summoned by rin1221's ghost
             ... on level 3 of the Dungeon.
             The game lasted 00:12:16 (2760 turns).

tehllama the Digger (Gargoyle Earth Elementalist)   Turns: 2760, Time: 00:12:16

Health: -2/36      AC: 22    Str: 12    XL:     4   Next: 43%
Magic:  1/8        EV:  2    Int: 16    God:
Gold:   128        SH:  0    Dex: 10    Spells: 5/9 levels left

rFire    + . .     SeeInvis .   i - +0 mace
rCold    . . .     Gourm    .   (no shield)
rNeg     + + +     Faith    .   (armour currently unavailable)
rPois    ∞         Spirit   .   (helmet currently unavailable)
rElec    .         Reflect  .   (cloak currently unavailable)
rCorr    .         Harm     .   (gloves currently unavailable)
MR       .....     NoTele   +   (boots currently unavailable)
Stlth    ++........             (no amulet)
HPRegen  0.12/turn              n - ring of positive energy
MPRegen  0.11/turn              q - ring of protection from fire

@: tree-form, slowed, very slow
A: negative energy resistance 1, petrification resistance, rot immunity, AC +3
a: no special abilities


You were on level 3 of the Dungeon.
You were not hungry.
You were a tree.
You visited 1 branch of the dungeon, and saw 3 of its levels.

You collected 128 gold pieces.

Inventory:

Hand Weapons
 i - a +0 mace (weapon)
Missiles
 b - 143 stones (quivered)
Armour
 j - a +0 robe (melded)
 m - a +1 cloak (melded)
Jewellery
 n - a ring of positive energy (left branch)
 q - a ring of protection from fire (right branch)
Scrolls
 c - a scroll of amnesia {unknown}
 f - a scroll of magic mapping {unknown}
 g - a scroll of identify
 k - a scroll of immolation {unknown}
 l - a scroll of blinking {unknown}
 o - 2 scrolls of enchant armour
Potions
 h - a potion of heal wounds {unknown}
 p - a potion of lignification
 r - a potion of agility {unknown}
 s - a potion of curing {unknown}
Books
 e - a book of Geomancy

   Spells                             Type                      Level
   a - Sandblast                      Earth                        1
   b - Passwall                       Transmutation/Earth          2
   c - Stone Arrow                    Conjuration/Earth            3
   d - Petrify                        Transmutation/Earth          4
   e - Lee's Rapid Deconstruction     Earth                        5
Comestibles
 a - 2 royal jellies
 d - 2 bread rations
 t - 3 fruits
 u - a meat ration
 v - a chunk of flesh


   Skills:
 - Level 1.5 Dodging
 - Level 2.1 Stealth
 + Level 3.0 Spellcasting
 + Level 1.5 Conjurations
   Level 0.7 Transmutations
 + Level 4.8 Earth Magic


You had 5 spell levels left.
You knew the following spells:

 Your Spells              Type           Power        Failure   Level  Hunger
a - Sandblast             Erth           ###...       2%          1    #......
b - Stone Arrow           Conj/Erth      ##....       16%         3    ###....


Dungeon Overview and Level Annotations

Branches:
Dungeon (3/15)

Altars:
Zin

Annotations:
D:3 rin1221's ghost, amateur DsWz


Innate Abilities, Weirdness & Mutations

You are resistant to torment.
((Your stone body is resilient. (AC +3)))
You are immune to poison.
You resist negative energy. (rN+)
((You are resistant to electric shocks. (rElec)))
((You can survive without breathing.))
You are immune to petrification.
You are immune to rotting.


Message History

Rin1221's ghost is lightly damaged.
Rin1221's ghost hits you.
* * * LOW HITPOINT WARNING * * *
Rin1221's ghost mumbles some strange words.
You closely miss rin1221's ghost.
Rin1221's ghost is lightly damaged.
Rin1221's ghost hits you but does no damage.
The white imp hits you but does no damage.
Rin1221's ghost hits you but does no damage.
The white imp hits you but does no damage.
You closely miss rin1221's ghost.
Rin1221's ghost is lightly damaged.
Rin1221's ghost casts a spell at you.
You feel as though you will be slow longer.
The white imp hits you but does no damage.
Rin1221's ghost hits you but does no damage.
The white imp hits you.
* * * LOW HITPOINT WARNING * * *
The white imp freezes you.
You die...

###.##.##.# #.# ##....#
.......##.# #.# ##.....##
.##.......# #.####.......#
###..##.# ##...##.......#
.# #..##.####.###.#.......#
<# #..##......# #.##.....##
.####..#######.###.###...##
.##..............5......##
.##.#..#########♣.####..#
.##.#).# ##W# #..# .##.#..#
#5# #..# .......# #.# #..#
....#### #.# #..# ##### #.#
#..# ####.####..##
#.†.......... #.#†#####..##


You could see rin1221's ghost, a white imp and a shadow imp.

Vanquished Creatures
  A worker ant zombie (D:3)
  An adder (D:2)
  2 worms (D:3)
  2 leopard geckos
  11 bats
  7 giant cockroaches
  6 hobgoblins
  2 jackals (D:2)
  7 kobolds
  4 frilled lizards (D:2)
  4 goblins
  9 rats
56 creatures vanquished.

Notes
Turn   | Place    | Note
-------+----------+-------------------------------------------
     0 | D:1      | tehllama the Gargoyle Earth Elementalist began the quest for the Orb.
     0 | D:1      | Reached XP level 1. HP: 10/10 MP: 3/3
   533 | D:1      | Reached skill level 4 in Earth Magic
   533 | D:1      | Reached XP level 2. HP: 13/15 MP: 3/5
  1198 | D:2      | Reached XP level 3. HP: 11/19 MP: 0/6
  1216 | D:2      | Learned a level 3 spell: Stone Arrow
  1307 | D:2      | Found a glowing silver altar of Zin.
  1307 | D:2      | Noticed an angel
  1809 | D:2      | Reached skill level 1 in Conjurations
  2096 | D:3      | Reached XP level 4. HP: 24/24 MP: 4/8
  2118 | D:3      | Noticed rin1221's ghost (amateur DsWz)
  2760 | D:3      | HP: 1/36 [white imp[rin1221's ghost] (2)]
  2760 | D:3      | Slain by a white imp

Vault maps used:
D:1:      dpeg_chamrin_arrival_tetris, hex_tiny, hangedman_decor_growths,
          minmay_tetromino_t4
D:2:      zin_angel
D:3:      nicolae_qazlal_eye_of_the_storm

Skill      XL: |  1  2  3  4 |
---------------+-------------+-----
Earth Magic    | 4 |  4.8
Conjurations   | 1 |  1.5
Spellcasting   | 3 |  3.0
Dodging        | |  1.5
Stealth        | |  2.1
Transmutations | |  0.7

Action                   |  1- 3 |  4- 6 || total
-------------------------+-------+-------++-------
Melee: Unarmed           |    17 |       ||    17
       Club              |    50 |       ||    50
       Mace              |    22 |    40 ||    62
 Cast: Sandblast         |    47 |    30 ||    77
  Use: Scroll            |     5 |       ||     5
       Potion            |       |     1 ||     1
  Eat: Chunk             |     4 |       ||     4
       Bread ration      |       |     1 ||     1
Armor: Robe              |    55 |    39 ||    94
       Skin              |       |     8 ||     8
Dodge: Dodged            |   119 |    72 ||   191
